AoeStats
← Icardini

Arabia

504653466Analyzed
2v2 RM · 26d ago on Sep 6, 2026· 44m 54s· 4 players
Game mode
Random Map
Map size
Medium (4 player)
Population
200
Speed
Normal
Resources
Standard
Victory
Conquest
Starting age
Dark Age
Ending age
Imperial Age
RankedLock teamsTeams togetherTeam positionsShared explorationLock speedFull tech treeHidden civsTurbo modeCheats
Victory
Defeat
🇨🇱 Japanese · Chile
1298
+12
🇨🇱 Georgians · Chile
1265
+15
🇦🇷 Jurchens · Argentina
1230
-14
🇨🇱 Berbers · Chile
1209
-13
Facuamu
9:30 Feudal Age
10:12 Double-Bit Axe
11:38 Loom
14:57 Horse Collar
18:41 Gold Mining
21:47 Castle Age
20:37 Bloodlines
24:44 Husbandry
27:25 Town Watch
29:39 Ballistics
29:46 Fletching
31:59 Padded Archer Armor
32:10 Bodkin Arrow
36:09 Wheelbarrow
35:35 Town Patrol
37:37 Leather Archer Armor
42:32 Imperial Age
40:18 Hand Cart
42:54 Heavy Cavalry Archer
45:15 Bracer
44:38 Light Cavalry
45:30 Forging
45:25 Scale Barding Armor
45:30 Forging
44:45 Elite Genitour
CBT Almendruzki
7:05 Loom
9:20 Feudal Age
9:46 Double-Bit Axe
9:44 Horse Collar
16:06 Fletching
17:33 Padded Archer Armor
20:59 Castle Age
23:00 Bloodlines
24:30 Scale Barding Armor
25:19 Forging
27:16 Iron Casting
30:12 Chain Barding Armor
33:24 Husbandry
35:30 Thumb Ring
35:39 Crossbowman
Icardini
4:40 Loom
11:42 Feudal Age
12:28 Double-Bit Axe
16:49 Fletching
18:05 Wheelbarrow
24:45 Castle Age
25:26 Bodkin Arrow
25:47 Horse Collar
26:21 Bow Saw
25:40 Crossbowman
27:30 Pikeman
30:17 Padded Archer Armor
31:20 Leather Archer Armor
34:22 Ballistics
36:05 Forging
41:07 Scale Mail Armor
45:28 Imperial Age
44:12 Iron Casting
DenisSloth
6:06 Loom
8:26 Feudal Age
9:19 Double-Bit Axe
10:54 Horse Collar
14:04 Town Watch
18:05 Wheelbarrow
20:45 Castle Age
19:28 Scale Barding Armor
19:36 Forging
19:54 Gold Mining
20:16 Bloodlines
20:45 Scale Barding Armor
21:51 Chain Barding Armor
21:52 Bow Saw
26:53 Husbandry
33:10 Iron Casting
39:22 Hand Cart
38:59 Stone Mining
40:41 Heavy Plow
45:38 Imperial Age
43:24 Fletching
45:26 Bodkin Arrow
Connection lost

Rejoining the realm…

Still unreachable

The connection could not be restored.

Session expired

The server has moved on; the page needs a fresh start.